 Dungeon Crawl Stone Soup version 0.29-a0-982-gaed3a0c8d8 (webtiles) character file.

Game seed: 12119618430477197564

4600 leavemydog the Cleaver (level 10, 0/86 HPs)
             Began as a Hill Orc Fighter on Aug 1, 2022.
             Was a Believer of Uskayaw.
             Succumbed to Amaemon's poison
             ... on level 7 of the Dungeon.
             The game lasted 00:13:31 (9378 turns).

leavemydog the Cleaver (Hill Orc Fighter)           Turns: 9378, Time: 00:13:32

Health: 0/86       AC: 10    Str: 26    XL:     10   Next: 42%
Magic:  14/14      EV: 24    Int:  9    God:    Uskayaw [**....]
Gold:   428        SH:  4    Dex:  9    Spells: 8/14 levels left

rFire   . . .      SeeInvis .   a - +2 war axe
rCold   . . .      Faith    .   c - +0 buckler
rNeg    . . .      Spirit   .   b - +0 scale mail
rPois   .          Reflect  .   u - +0 helmet
rElec   .          Harm     .   j - +0 cloak
rCorr   .          Rampage  .   (no gloves)
Will    .....                   (no boots)
Stlth   ..........              l - amulet of the acrobat
HPRegen 0.24/turn               (no ring)
MPRegen 0.14/turn               (no ring)

@: mighty, lethally poisoned (0 -> -8), on berserk cooldown, acrobatic, slowed,
very slow
A: mutation resistance 1, strong 1
a: Renounce Religion, Stomp, Line Pass


You were on level 7 of the Dungeon.
You worshipped Uskayaw.
Uskayaw was noncommittal.
You visited 2 branches of the dungeon, and saw 9 of its levels.
You also visited: Ossuary.

You collected 428 gold pieces.

Inventory:

Hand Weapons
 a - a +2 war axe (weapon)
 v - a +3 quarterstaff of chaos
Missiles
 m - 3 javelins (quivered)
 w - 2 throwing nets
 F - 4 silver javelins
Armour
 b - a +0 scale mail (worn)
 c - a +0 buckler (worn)
 j - a +0 cloak (worn)
 u - a +0 helmet (worn)
Jewellery
 l - an amulet of the acrobat (around neck)
Wands
 g - a wand of roots (10)
 r - a wand of flame (33)
 y - a wand of polymorph (11)
Scrolls
 f - 3 scrolls of blinking
 h - 3 scrolls of amnesia
 i - 4 scrolls of enchant armour {unknown}
 n - 2 scrolls of enchant weapon
 p - a scroll of poison
 q - 2 scrolls of fear
 t - 3 scrolls of teleportation
 D - a scroll of magic mapping {unknown}
Potions
 d - 3 potions of might
 e - 2 potions of brilliance
 k - 2 potions of berserk rage
 s - 6 potions of mutation
 z - 2 potions of degeneration {unknown}
 A - 3 potions of ambrosia
 B - 2 potions of flight
 C - 2 potions of haste {unknown}


   Skills:
 + Level 7.3 Fighting
 * Level 14.5 Axes
 + Level 6.9 Armour
 + Level 4.6 Shields
 * Level 2.9 Spellcasting
 * Level 2.9 Translocations


You had 8 spell levels left.
You knew the following spells:

 Your Spells              Type           Power      Damage    Failure   Level
a - Lesser Beckoning      Tloc           6%         N/A       58%         3
b - Gell's Gravitas       Tloc           6%         N/A       58%         3

Your spell library contained the following spells:

 Spells                   Type           Power      Damage    Failure   Level
 Teleport Other           Tloc           6%         N/A       58%         3
 Sandblast                Erth           2%         2d4       63%         1
 Passwall                 Tmut/Erth      0%         N/A       77%         2
 Stone Arrow              Conj/Erth      2%         3d7       94%         3
 Summon Guardian Golem    Hex/Summ       1%         N/A       94%         3
 Orb of Destruction       Conj           0%         9d5       100%        7
 Spellforged Servitor     Conj/Summ      0%         N/A       100%        7


Dungeon Overview and Level Annotations

Branches:
Dungeon (8/15)             Temple (1/1) D:6         Ossuary (visited)
   Lair: D:8-11

Altars:
Ashenzari
Cheibriados
Dithmenos
Elyvilon
Fedhas
Gozag
Hepliaklqana
Kikubaaqudgha
Makhleb
Nemelex Xobeh
Okawaru
Qazlal
Sif Muna
Trog
Uskayaw
Vehumet
Wu Jian
Xom
Yredelemnul
Zin
The Shining One


Innate Abilities, Weirdness & Mutations

You are somewhat resistant to further mutation.
Your muscles are strong. (Str +4, Int/Dex -1)


Message History

A red film seems to cover your vision as you go berserk!
You feel yourself moving faster!
You feel mighty!
You feel sick.
You block Amaemon's attack. x2; Amaemon barely misses you.
You barely miss Amaemon.
Amaemon is heavily wounded.
You feel sick. Amaemon hits you but does no damage. Amaemon claws you.
* * * LOW HITPOINT WARNING * * *
Amaemon tail-slaps you.
* * * LOW HITPOINT WARNING * * *
You slice Amaemon!!
Amaemon is almost dead.
You feel sick.
You can now pass through a line of other dancers.
You slash Amaemon!
Amaemon is almost dead.
You feel sick.
Amaemon hits you with a -2 demon whip of venom!
* * * LOW HITPOINT WARNING * * *
You are lethally poisoned!
Amaemon claws you but does no damage. You block Amaemon's attack.
You are too berserk!
You slash Amaemon!
You kill Amaemon!
* * * LOW HITPOINT WARNING * * *
You feel sick.
You are too berserk!
* * * LOW HITPOINT WARNING * * *
You feel sick.
Things that are here:
a -2 demon whip of venom; a +0 spear of flaming; the demonspawn corpse of Amaemon You feel a strong urge to attack something.
* * * LOW HITPOINT WARNING * * *
You feel sick.
* * * LOW HITPOINT WARNING * * *
You feel sick.
You are too berserk!
You feel your anger nearly subside.
You are no longer berserk.
You are exhausted.
You feel yourself slow down.
You die...

#...# ##... #.###
#.... ##.# #....
#..# #.... #.##
##... #.# #....
######[#### #)(..
#>>...)...#####)...
#.@...........[..).
#........)#######..
#.........# ###
#.........#
#.......[.#
#.........#
#.........#
###########


There were no monsters in sight!

Vanquished Creatures
  Amaemon (D:7)
  Psyche (D:8)
  Sigmund (D:2)
  A wyvern (D:7)
  A water moccasin (D:8)
  4 ice beasts
  4 sky beasts
  2 ogres
  3 wolves (D:8)
  A centaur (D:5)
  A black bear (D:7)
  2 kobold brigands (D:7)
  2 phantoms
  An elf zombie (Ossuary)
  3 necrophages
  2 scorpions (D:6)
  5 wights
  3 killer bees (D:8)
  2 howler monkeys (D:7)
  7 hounds
  A human zombie (Ossuary)
  2 orc priests (D:7)
  Crazy Yiuf (D:5)
  3 iguanas
  2 orc wizards
  2 hound zombies (Ossuary)
  4 mummies (Ossuary)
  15 gnolls
  8 adders
  2 shadow imps
  5 white imps
  2 ufetubi
  2 worms (D:4)
  5 dart slugs
  25 orcs
  7 ball pythons
  7 endoplasms
  4 giant cockroaches
  10 hobgoblins
  6 jackals
  14 kobolds
  3 quokkas
  7 bats
  3 frilled lizards
  A gnoll zombie (Ossuary)
  9 goblins
  4 goblin zombies (Ossuary)
  A jackal zombie (Ossuary)
  7 rats
  2 rat zombies (Ossuary)
211 creatures vanquished.

Notes
Turn   | Place    | Note
-------+----------+-------------------------------------------
     0 | D:1      | leavemydog the Hill Orc Fighter began the quest for the
                  | Orb.
     0 | D:1      | Reached XP level 1. HP: 19/19 MP: 1/1
   149 | D:1      | Reached XP level 2. HP: 27/27 MP: 2/2
   151 | D:1      | Reached skill level 3 in Axes
   169 | D:1      | Found a faded altar of an unknown god.
   408 | D:1      | Reached XP level 3. HP: 33/33 MP: 3/3
   920 | D:2      | Reached skill level 4 in Axes
  1084 | D:2      | Noticed Sigmund
  1093 | D:2      | Killed Sigmund
  1094 | D:2      | Reached skill level 6 in Axes
  1094 | D:2      | Reached XP level 4. HP: 21/40 MP: 4/4
  1094 | D:2      | Reached XP level 5. HP: 24/46 MP: 5/5
  1467 | D:2      | Reached XP level 6. HP: 51/52 MP: 6/6
  2004 | D:3      | Reached skill level 7 in Axes
  2587 | D:3      | Found a sparkling altar of Nemelex Xobeh.
  2827 | D:3      | Found a glowing golden altar of the Shining One.
  3012 | D:4      | Reached skill level 8 in Axes
  3012 | D:4      | Reached XP level 7. HP: 10/60 MP: 7/7
  4326 | D:5      | Entered Level 5 of the Dungeon
  4386 | D:5      | Found a runed translucent door.
  4387 | D:5      | Noticed Crazy Yiuf
  4398 | D:5      | Killed Crazy Yiuf
  4683 | D:5      | Reached skill level 9 in Axes
  4684 | D:5      | Reached skill level 5 in Fighting
  4849 | D:5      | Reached skill level 5 in Armour
  4864 | D:5      | Found a sand-covered staircase.
  4869 | Ossuary  | Entered an ossuary
  4900 | Ossuary  | Reached XP level 8. HP: 39/68 MP: 8/8
  5324 | Ossuary  | Reached skill level 10 in Axes
  5577 | D:5      | Learned a level 3 spell: Lesser Beckoning
  5581 | D:5      | Learned a level 3 spell: Gell's Gravitas
  6003 | D:6      | Reached skill level 11 in Axes
  6267 | D:6      | Found a staircase to the Ecumenical Temple.
  6313 | D:6      | Reached skill level 1 in Translocations
  6384 | D:6      | Reached skill level 1 in Spellcasting
  6452 | D:6      | Reached XP level 9. HP: 75/75 MP: 10/10
  6559 | D:6      | Gained mutation: Your muscles are strong. (Str +4, Int/Dex
                  | -1) [potion of mutation]
  6559 | D:6      | Gained mutation: You are somewhat resistant to further
                  | mutation. [potion of mutation]
  6678 | D:6      | Reached skill level 12 in Axes
  7121 | D:6      | Found an ancient bone altar of Kikubaaqudgha.
  7121 | D:6      | Found an ornate altar of the Wu Jian Council.
  7123 | D:6      | Found a stormy altar of Qazlal.
  7170 | Temple   | Entered the Ecumenical Temple
  7189 | Temple   | Became a worshipper of Uskayaw the Reveller
  7391 | D:6      | Reached * piety under Uskayaw
  7404 | D:7      | Reached ** piety under Uskayaw
  7468 | D:7      | Reached *** piety under Uskayaw
  7511 | D:7      | Reached **** piety under Uskayaw
  7516 | D:7      | Reached ***** piety under Uskayaw
  7524 | D:7      | Reached skill level 13 in Axes
  7535 | D:7      | Reached ****** piety under Uskayaw
  7929 | D:7      | Reached XP level 10. HP: 81/84 MP: 13/13
  8499 | D:8      | Noticed Psyche
  8506 | D:8      | Killed Psyche
  8507 | D:8      | Reached skill level 14 in Axes
  8937 | D:8      | Noticed an orange demon
  8939 | D:8      | Noticed Amaemon
  9374 | D:7      | Killed Amaemon
  9375 | D:7      | HP: 5/129 [poisoned by Amaemon]
  9377 | D:7      | HP: 1/129 [poisoned by Amaemon]
  9378 | D:7      | Succumbed to Amaemon's poison

Illustrated notes

Levels and vault maps discovered:
D:1:      dpeg_arrival_stone_temple_mockup, layout_basic,
          hellmonk_ecumenical_altar_lost_god
D:2:      layout_basic, uniq_sigmund
D:3:      layout_loops_ring, overflow_temple_1_default, tso_oasis_becter
D:4:      layout_loops_ring, grunt_decor_clamped
D:5:      layout_cave_pools, enter_ossuary_2, uniq_crazy_yiuf_cottage
D:6:      layout_loops_cross, nicolae_overflow_hidden_temple,
          minmay_temple_entry_arrows, chequers_arboretum
D:7:      layout_rooms
D:8:      layout_basic, lemuel_coloured_pillars_altar, serial_rivers,
          chequers_serial_rivers_micro_d, chequers_serial_rivers_marsh,
          chequers_serial_rivers_room_b, chequers_serial_rivers_room_a,
          chequers_serial_rivers_large_b, dk_vineyard_2, hex_medium,
          kennysheep_nondescript, uniq_grum, uniq_psyche, uniq_amaemon
Temple:   compressed_dpeg_triangle_lava_temple

Skill      XL: |  1  2  3  4  5  6  7  8  9 10 |
---------------+-------------------------------+-----
Axes           | 3 6 8 9 11 13 14 | 14.5
Fighting       | 4 5 6 7 |  7.3
Armour         | 4 5 6 |  6.9
Shields        | 4 |  4.6
Translocations | 1 2 |  2.9
Spellcasting   | 1 2 |  2.9

Action                   |  1- 3 |  4- 6 |  7- 9 | 10-12 || total
-------------------------+-------+-------+-------+-------++-------
Melee: War axe           |   100 |   134 |   434 |    77 ||   745
  Use: Scroll            |       |     1 |    12 |     1 ||    14
       Potion            |       |       |     4 |     5 ||     9
 Stab: Paralysed         |       |       |    10 |     2 ||    12
Armor: Scale mail        |    41 |    43 |   157 |    47 ||   288
Dodge: Dodged            |    53 |    67 |   178 |    69 ||   367
Block: Buckler           |    18 |    28 |    84 |    18 ||   148

Table legend: (Time is in decaauts)
 A = Elapsed time spent in this place.
 B = Non-inter-level travel time spent in this place.
 C = Inter-level travel time spent in this place.
 D = Time resting spent in this place.
 E = Time spent auto-exploring this place.
 F = Levels seen in this place.
 G = Mean time per level.
                   A        B        C        D        E       F      G
               +--------+--------+--------+--------+--------+-----+--------+
         Total |   9487 |   9195 |    292 |   2515 |   5218 |  10 |  948.7 |
       Dungeon |   8776 |   8496 |    280 |   2195 |   4952 |   8 | 1097.0 |
        Temple |    188 |    176 |     12 |      0 |    161 |   1 |  188.0 |
       Ossuary |    522 |    522 |      0 |    320 |    105 |   1 |  522.0 |
               +--------+--------+--------+--------+--------+-----+--------+

Top non-repeatable levels by time:
     D:4: 1617 daAuts
     D:6: 1292 daAuts
     D:7: 1096 daAuts
     D:3: 1057 daAuts
     D:1: 933 daAuts
     D:2: 929 daAuts
     D:5: 928 daAuts
     D:8: 921 daAuts
 Ossuary: 522 daAuts
  Temple: 188 daAuts
